 Dungeon Crawl Stone Soup version 0.14.1-1-g650416f (webtiles) character file.

999 Heini the Covered (level 7, -9/61 HPs)
             Began as a Hill Orc Fighter on May 2, 2014.
             Mangled by an ogre
             ... wielding a +0,+0 giant club
              (13 damage)
             ... on Level 4 of the Dungeon.
             The game lasted 00:11:06 (4395 turns).

Heini the Covered (Hill Orc Fighter)                Turns: 4395, Time: 00:11:07

HP  -9/61        AC 11     Str 21      XL: 7   Next: 80%
MP   7/7         EV  5     Int  8      God:
Gold 241         SH 17     Dex 10      Spells:  0 memorised,  6 levels left

rFire  . . .     SeeInvis .     a - +0,+1 war axe
rCold  . . .     Clarity  .     f - +1 chain mail
rNeg   . . .     Conserve .     c - +0 shield
rPois  .         rCorr    .     (no helmet)
rElec  .         rRot     .     (no cloak)
SustAb . .       Spirit   .     (no gloves)
rMut   .         Warding  .     (no boots)
Saprov + . .     Stasis   .     (no amulet)
MR     .....                    (no ring)
                                (no ring)

@: slowed, drained, very slow, not resistant to hostile enchantments, extremely
unstealthy
A: saprovore 1
a: no special abilities


You were on level 4 of the Dungeon.
You were not hungry.

You visited 1 branch of the dungeon, and saw 5 of its levels.

You collected 241 gold pieces.

Inventory:

Hand weapons
 a - a +0,+1 war axe (weapon)
Armour
 b - a +0 scale mail
 c - a +0 shield (worn)
 f - a +1 chain mail (worn)
Magical devices
 u - a wand of draining (6) {unknown}
 y - a wand of lightning (3) {unknown}
Comestibles
 d - 5 meat rations
 i - a choko
 m - an apple
 n - a chunk of orc flesh
 z - 2 bread rations
 C - a lychee
Scrolls
 g - a scroll of blinking
 j - a scroll of enchant weapon I {unknown}
 k - a scroll of recharging
 l - 2 scrolls of teleportation
 o - 2 scrolls of amnesia
 x - 2 scrolls of fear {unknown}
 A - 3 scrolls of remove curse
Jewellery
 q - a cursed -2 ring of intelligence {unknown}
Potions
 e - 2 potions of might
 p - a potion of poison {unknown}
 t - 2 potions of restore abilities {unknown}
 v - a potion of berserk rage {unknown}
 B - a potion of haste {unknown}
 D - a potion of flight {unknown}


   Skills:
 * Level 5.6(4.8) Fighting
 * Level 6.6(5.8) Axes
 * Level 7.3(6.5) Armour
 - Level 3.2(2.4) Shields


You had 6 spell levels left.
You didn't know any spells.

Dungeon Overview and Level Annotations

Branches:
Dungeon (5/15)
 Temple: D:4-7

Altars:
Cheibriados
Fedhas
Makhleb
Sif Muna
Vehumet
Yredelemnul


Innate Abilities, Weirdness & Mutations

You can tolerate rotten meat.


Message History

Drink which item? (? for menu, Esc to quit)
You feel better.
The orc wizard points at you and mumbles some strange words.
The magic dart hits you!
The orc hits you with a mace of draining.
* * * LOW HITPOINT WARNING * * *
You feel drained.
* * * LOW HITPOINT WARNING * * *
The orc hits you but does no damage.
The orc wizard gestures at you while chanting.
You feel yourself slow down.
A worm comes into view.
You barely miss the ogre.
The ogre is severely wounded.
You barely miss the orc.
The orc is heavily wounded.
You hit the orc.
The orc is almost dead.
The ogre hits you with a giant club!
You die...

#.#.# #....# ##.#.#
#)...#
.....###########....#
................#####
.....#....)..>..#
##.....####)....#######.
.##...##.>#.............
..#...#...#.....oo..%....
..#...#z.##.((.O@o......w
##....O###.#############.
...........######
....♣.............
...........######
##.((..###.# .'#...#+ ###
%.#...# )##...#


You could see a worm, an ogre, an orc wizard and 2 orcs.

Vanquished Creatures
  A centaur (D:5)
  An ogre (D:5)
  A scorpion (D:5)
  A hippogriff skeleton (D:5)
  2 orc priests
  A crimson imp (D:5)
  A hound (D:5)
  An iguana (D:5)
  7 orc wizards
  Terence (D:3)
  9 adders
  A worm (D:2)
  An adder skeleton (D:4)
  3 giant geckos (D:1)
  13 orcs
  7 bats
  4 giant cockroaches
  7 goblins
  6 hobgoblins
  A quokka (D:2)
  2 giant newts
  2 jackals (D:1)
  9 kobolds
  6 rats
88 creatures vanquished.

Notes
Turn   | Place    | Note
--------------------------------------------------------------
     0 | D:1      | Heini, the Hill Orc Fighter, began the quest for the Orb.
     0 | D:1      | Reached XP level 1. HP: 19/19 MP: 1/1
   168 | D:1      | Reached XP level 2. HP: 21/27 MP: 2/2
   564 | D:1      | Reached skill level 4 in Armour
  1062 | D:2      | Reached XP level 3. HP: 24/33 MP: 3/3
  1596 | D:2      | Reached XP level 4. HP: 41/41 MP: 4/4
  1769 | D:2      | Found a burning altar of Makhleb.
  1822 | D:3      | Noticed Terence
  1823 | D:3      | Reached skill level 5 in Armour
  1830 | D:3      | Killed Terence
  1899 | D:3      | Found a blossoming altar of Fedhas.
  1916 | D:3      | Reached XP level 5. HP: 45/47 MP: 5/5
  2890 | D:4      | Reached XP level 6. HP: 39/55 MP: 6/6
  3021 | D:4      | Noticed an ogre
  3070 | D:5      | Entered Level 5 of the Dungeon
  3387 | D:5      | Reached skill level 6 in Armour
  3390 | D:5      | Reached skill level 5 in Fighting
  3601 | D:5      | Found a basalt altar of Yredelemnul.
  3601 | D:5      | Found a snail-covered altar of Cheibriados.
  3609 | D:5      | Reached skill level 5 in Axes
  3611 | D:5      | Found a deep blue altar of Sif Muna.
  3719 | D:5      | Reached XP level 7. HP: 14/61 MP: 7/7
  4087 | D:5      | Found a radiant altar of Vehumet.
  4170 | D:5      | Reached skill level 7 in Armour
  4393 | D:4      | HP: 2/61 [orc wizard/magic dart (2)]
  4395 | D:4      | Mangled by an ogre

Action                   |  1- 3 |  4- 6 |  7- 9 || total
-------------------------+-------+-------+-------++-------
Melee: War axe           |   121 |   231 |    74 ||   426
  Use: Scroll            |       |     6 |     3 ||     9
       Potion            |       |     4 |     1 ||     5
